 Dungeon Crawl Stone Soup version 0.32-a0-616-g9348d4545b (webtiles) character file.

Game seed: 14977491748493869765

38 retardedninja the Trooper (level 3, 33/33 HPs)
             Began as a Mountain Dwarf Fighter on Mar 4, 2024.
             Quit the game on level 2 of the Dungeon on Mar 5, 2024.
             The game lasted 00:03:50 (1148 turns).

retardedninja the Trooper (Mountain Dwarf Fighter)  Turns: 1148, Time: 00:03:50

Health: 33/33      AC:  7    Str: 20    XL:     3   Next: 25%
Magic:  3/3        EV:  9    Int:  8    God:
Gold:   77         SH:  4    Dex:  9    Spells: 2/2 levels left

rFire   . . .        a - +0 war axe
rCold   . . .        c - +0 buckler
rNeg    . . .        b - +0 scale mail
rPois   .            (no helmet)
rElec   .            (no cloak)
rCorr   .            (no gloves)
SInv    .            (no boots)
Will    .....        (no amulet) Stlth
                     (no ring)
HPRegen 0.25/turn    (no ring)
MPRegen 0.08/turn

%: no passive effects
@: no status effects
A: runic magic, artefact enchanting
a: no special abilities


You were on level 2 of the Dungeon.
You visited 1 branch of the dungeon, and saw 2 of its levels.

You collected 77 gold pieces.

Inventory:

Hand Weapons
 a - a +0 war axe (weapon)
Armour
 b - a +0 scale mail (worn)
 c - a +0 buckler (worn)
Jewellery
 k - a +4 ring of slaying
Scrolls
 e - 2 scrolls of teleportation {unknown}
 g - 2 scrolls of fear {unknown}
 i - 2 scrolls of identify {unknown}
 j - a scroll of poison {unknown}
 l - a scroll of brand weapon {unknown}
Potions
 d - 2 potions of might
 f - a potion of attraction {unknown}
 h - a potion of heal wounds {unknown}
 m - 2 potions of berserk rage {unknown}


   Skills:
 + Level 3.7 Fighting
 + Level 3.0 Axes
 + Level 3.7 Armour
 + Level 3.7 Shields


You had 2 spell levels left.
You didn't know any spells.
Your spell library contained the following spells:

 Spells                   Type           Power      Damage    Failure   Level
 Slow                     Hex            0%         N/A       56%         1
 Call Canine Familiar     Summ           0%         N/A       91%         3
 Confusing Touch          Hex            0%         N/A       91%         3
 Sigil of Binding         Hex            0%         N/A       91%         3
 Vampiric Draining        Necr           0%         2d6       91%         3
 Dimensional Bullseye     Hex/Tloc       0%         N/A       100%        4


Dungeon Overview and Level Annotations

Branches:
Dungeon (2/15)

Altars:


Innate Abilities, Weirdness & Mutations

Your spellcasting is much less encumbered by armour.
You can use scrolls of enchantment on lesser artefacts.


Message History

The giant cockroach is heavily wounded.
The giant cockroach closely misses you.
You slash the giant cockroach!
You kill the giant cockroach!
You now have 77 gold pieces (gained 12).
Found a rapier.
An endoplasm comes into view.
The endoplasm quivers.
An endoplasm is nearby!
An endoplasm is nearby!
An endoplasm is nearby!
An endoplasm is nearby!
An endoplasm is nearby!
The endoplasm hits you but does no damage.
You barely miss the endoplasm. The endoplasm barely misses you.
You block the endoplasm's attack.
You hit the endoplasm.
You kill the endoplasm!
No target in view!
No target in view!
No target in view!
No target in view!
No target in view!
No target in view!
No target in view!
No target in view!
No target in view!
No target in view!
No target in view!
No target in view!
No target in view!
No target in view!
No target in view!
No target in view!
Saving game... please wait.
Options error: Invalid setting for tile_player_tile: "mons:" (retardedninja.rc:112) Options error: Cannot find file "HDAMAGE". (retardedninja.rc:136) Welcome back, retardedninja the Mountain Dwarf Fighter.
Press ? for a list of commands and other information.
Are you sure you want to abandon this character and quit the game? (Confirm with "yes".)

######### #.......#
# #.#####.#######
....#.#####.......#
....)..@....#####.#
###.#.##.##.#####.#
#. #.......##.#
#........##.##.#
..#####.##....#
...........#
#########
#########.##
#.......# #.#
..#####.# ### #.#


There were no monsters in sight!

Vanquished Creatures
  An adder (D:2)
  2 dart slugs
  3 ball pythons (D:1)
  2 bats
  2 endoplasms
  3 giant cockroaches
  2 hobgoblins (D:2)
  A kobold (D:1)
  A quokka (D:1)
  2 frilled lizards (D:1)
  3 goblins
22 creatures vanquished.

Notes
Turn   | Place    | Note
-------+----------+-------------------------------------------
     0 | D:1      | retardedninja the Mountain Dwarf Fighter began the quest
                  | for the Orb.
     0 | D:1      | Reached XP level 1. HP: 19/19 MP: 1/1
   383 | D:1      | Reached XP level 2. HP: 23/26 MP: 2/2
   988 | D:2      | Reached XP level 3. HP: 16/33 MP: 3/3
  1110 | D:2      | Upgraded the game from 0.32-a0-612-g1c984fe9d1 to
                  | 0.32-a0-616-g9348d4545b
  1148 | D:2      | Quit the game

Illustrated notes

Levels and vault maps discovered:
D:1:      roderic_crop_circles_arrival_small, layout_loops_ring,
          kennysheep_pointless_box, patterned_corridor
D:2:      layout_loops_cross, ebering_ecumenical_altar_sacrificial

Skill      XL: |  1  2 |
---------------+-------+-----
Axes           | 3 |  3.0
Fighting       | |  3.7
Armour         | |  3.7
Shields        | |  3.7

Action                     || total
---------------------------++-------
  Melee: War axe           ||   158
 Armour: Scale mail        ||    83
  Dodge: Dodged            ||    41
  Block: Buckler           ||    15

Table legend: (Time is in decaauts)
 A = Elapsed time spent in this place.
 B = Non-inter-level travel time spent in this place.
 C = Inter-level travel time spent in this place.
 D = Time resting spent in this place.
 E = Time spent auto-exploring this place.
 F = Levels seen in this place.
 G = Mean time per level.
                   A        B        C        D        E       F      G
               +--------+--------+--------+--------+--------+-----+--------+
         Total |   1212 |   1187 |     25 |      0 |    825 |   2 |  606.0 |
       Dungeon |   1212 |   1187 |     25 |      0 |    825 |   2 |  606.0 |
               +--------+--------+--------+--------+--------+-----+--------+

Top non-repeatable levels by time:
     D:1: 861 daAuts
     D:2: 350 daAuts
